[Event "23rd ETCC Women 2021"]
[Site "Catez"]
[Date "2021.11.12"]
[Round "1.1"]
[White "Goryachkina, Aleksandra"]
[Black "Pilsova, Karolina"]
[Result "1-0"]
[ECO "D19"]
[WhiteElo "2604"]
[BlackElo "2281"]
[Annotator "RC"]
[PlyCount "73"]
[EventDate "2021.11.08"]
[EventType "team-tourn"]
[EventCountry "SLO"]
[SourceTitle "playchess.com"]
[Source "ChessBase"]
[SourceQuality "1"]
[WhiteTeam "Russia"]
[BlackTeam "Czech Republic"]
[WhiteTeamCountry "RUS"]
[BlackTeamCountry "CZE"]
[TimeControl "40/5400+30:1800+30"]

1. Nf3 d5 2. d4 Nf6 3. c4 c6 4. Nc3 dxc4 5. a4 Bf5 6. e3 e6 7. Bxc4 Bb4 8. O-O Nbd7 9. Qe2 O-O 10. e4 Bg6 11. Bd3 Bh5 12. e5 Nd5 13.
Nxd5 cxd5 14. Qe3 Be7 15. Bd2 Rc8 16. a5 a6 17. Rfb1 Nb8 18.
b4 Nc6 19. b5 axb5 20. Rxb5 Rc7 21. Ne1 Qc8 22. Rab1 Bg6 23. Bxg6 fxg6 24. Nd3 Rf5 25. Rb6 Bg5 26. Qe1 Bd8 27. Be3 Rcf7 28. R6b5 Qa8 29. Ra1 Na7 30. Rb2 Nc6 31. Rba2 Be7 32. Qb1 Bf8 33. a6 Qa7 34. Rc2 Nb8 35. axb7 Rxb7 36. Qc1 Qb6 37. Rb2 1-0

[Event "23rd ETCC Women 2021"]
[Site "Catez"]
[Date "2021.11.12"]
[Round "1.2"]
[White "Miturova, Magdalena"]
[Black "Lagno, Kateryna"]
[Result "0-1"]
[ECO "C48"]
[WhiteElo "2248"]
[BlackElo "2550"]
[Annotator "ChessBase"]
[PlyCount "102"]
[EventDate "2021.11.08"]
[EventType "team-tourn"]
[EventCountry "SLO"]
[SourceTitle "playchess.com"]
[Source "ChessBase"]
[SourceQuality "1"]
[WhiteTeam "Czech Republic"]
[BlackTeam "Russia"]
[WhiteTeamCountry "CZE"]
[BlackTeamCountry "RUS"]
[TimeControl "40/5400+30:1800+30"]

1. e4 e5 2. Nf3 Nc6 3. Nc3 Nf6 4. Bb5 Bd6 5. d3 O-O 6. O-O h6 7. Ne2 Re8 8. Ng3 Bf8 9. h3 a6 10. Ba4 b5 11. Bb3 Na5 12. Nh2 Nxb3 13.
axb3 d5 14. Qf3 Bb7 15. Ng4 Nxg4 16. Qxg4 Re6 17. Re1 a5 18. Nf5 Kh7 19. h4 g6 20. Ng3 dxe4 21. dxe4 h5 22. Qf3 Qf6 23. Qxf6 Rxf6 24. Bg5 Rc6 25. Re2 a4 26. bxa4 Rxa4 27. Rxa4 bxa4 28. Rd2 Bd6 29. Kh2 Rb6 30. c3 Kg7 31. Be3 Rb3 32. c4 Bb4 33. Rc2 Be7 34. Bg5 Bxg5 35. hxg5 h4 36. Nf1 Bxe4 37. Rd2 Bc6 38. Ne3 f6 39. gxf6+ Kxf6 40. Re2 e4 41. g3 g5 42. Rd2 Rd3 43. Rc2 Kg6 44. Re2 Kh5 45. Rc2 Bd7 46. Re2 Bg4 47. Nxg4 Kxg4 48. gxh4 Kf3 49. Rc2 gxh4 50. Kh3 Rd1 51. Kxh4 Rf1 0-1

[Event "23rd ETCC Women 2021"]
[Site "Catez"]
[Date "2021.11.12"]
[Round "1.3"]
[White "Gunina, Valentina"]
[Black "Richterova, Natasa"]
[Result "1-0"]
[ECO "B18"]
[WhiteElo "2480"]
[BlackElo "2185"]
[Annotator "ChessBase"]
[PlyCount "115"]
[EventDate "2021.11.08"]
[EventType "team-tourn"]
[EventCountry "SLO"]
[SourceTitle "playchess.com"]
[Source "ChessBase"]
[SourceQuality "1"]
[WhiteTeam "Russia"]
[BlackTeam "Czech Republic"]
[WhiteTeamCountry "RUS"]
[BlackTeamCountry "CZE"]
[TimeControl "40/5400+30:1800+30"]

1. e4 c6 2. d4 d5 3. Nc3 dxe4 4. Nxe4 Bf5 5. Ng3 Bg6 6. Nh3 Nf6 7. Nf4 e5 8. dxe5 Qa5+ 9. c3 Qxe5+ 10. Be2 Bc5 11. O-O O-O 12. Nd3 Bxd3 13.
Bxd3 Re8 14. Qf3 Nbd7 15. Nf5 Qd5 16. Qg3 Nh5 17. Qh3 g6 18.
Bg5 gxf5 19. Rad1 Ng7 20. Bc2 Qe6 21. Bb3 Qg6 22. Rxd7 Qxg5 23. Bxf7+ Kh8 24. Bxe8 Rxe8 25. Qf3 Qg6 26. Rxb7 Bb6 27. h3 Nh5 28. Rd1 Nf6 29. Kh2 Ne4 30. Rdd7 Nf6 31. Rg7 Qxg7 32. Rxg7 Kxg7 33. Qxf5 Bc7+ 34. g3 Re2 35. c4 Rxb2 36. a4 Re2 37. Kg2 Re5 38. Qc8 Bb6 39. Qxc6 Rc5 40. Qe6 Rc7 41. g4 h6 42. h4 Rf7 43. g5 hxg5 44. hxg5 Ng8 45. f4 Ne7 46. Qe5+ Kh7 47. a5 Ng6 48.
Qe4 Re7 49. Qb1 Bxa5 50. f5 Rg7 51. fxg6+ Rxg6 52. Qb7+ Rg7 53. Qe4+ Rg6 54. Kf3 Bd8 55. Kg4 Kg7 56. Qd4+ Bf6 57. Qxa7+ Kg8 58. Kf5 1-0

[Event "23rd ETCC Women 2021"]
[Site "Catez"]
[Date "2021.11.12"]
[Round "1.4"]
[White "Nemcova, Karin"]
[Black "Kashlinskaya, Alina"]
[Result "0-1"]
[ECO "C17"]
[WhiteElo "2169"]
[BlackElo "2482"]
[Annotator "ChessBase"]
[PlyCount "72"]
[EventDate "2021.11.08"]
[EventType "team-tourn"]
[EventCountry "SLO"]
[SourceTitle "playchess.com"]
[Source "ChessBase"]
[SourceQuality "1"]
[WhiteTeam "Czech Republic"]
[BlackTeam "Russia"]
[WhiteTeamCountry "CZE"]
[BlackTeamCountry "RUS"]
[TimeControl "40/5400+30:1800+30"]

1. e4 e6 2. d4 d5 3. Nc3 Bb4 4. e5 Ne7 5. Bd2 c5 6. a3 Bxc3 7. Bxc3 b6 8. Bb5+ Bd7 9. Bd3 Nbc6 10. Nf3 Qb8 11. O-O cxd4 12. Nxd4 Nxe5 13. f4 Nxd3 14. cxd3 O-O 15. Qg4 Ng6 16. h4 Qd8 17. h5 Qh4 18. Qf3 Nxf4 19. g3 Nh3+ 20. Kg2 Qg5 21. Kxh3 e5+ 22. Nf5 g6 23. g4 gxf5 24. gxf5 Kh8 25. Bxe5+ f6 26. Bg3 Rg8 27. Rae1 Rac8 28. Re2 Bxf5+ 29. Kh2 Bxd3 30. Qxd3 Qxh5+ 31. Kg2 Rxg3+ 32. Qxg3 Qxe2+ 33. Rf2 Qe4+ 34. Kh3 Rg8 35. Qf4 Qxf4 36. Rxf4 Kg7 0-1

[Event "23rd ETCC Women 2021"]
[Site "Catez"]
[Date "2021.11.12"]
[Round "1.5"]
[White "Hagarova, Zuzana"]
[Black "Javakhishvili, Lela"]
[Result "0-1"]
[ECO "B43"]
[WhiteElo "2292"]
[BlackElo "2446"]
[Annotator "NA"]
[PlyCount "64"]
[EventDate "2021.11.08"]
[EventType "team-tourn"]
[EventCountry "SLO"]
[SourceTitle "playchess.com"]
[Source "ChessBase"]
[SourceQuality "1"]
[WhiteTeam "Slovakia"]
[BlackTeam "Georgia"]
[WhiteTeamCountry "SVK"]
[BlackTeamCountry "GEO"]
[TimeControl "40/5400+30:1800+30"]

1. e4 c5 2. Nf3 e6 3. d4 cxd4 4. Nxd4 a6 5. Nc3 b5 6. Bd3 Qb6 7. Be3 Bc5 8. Be2 Nc6 9. Nxc6 Qxc6 10. Bxc5 Qxc5 11. O-O Ne7 12. Kh1 Bb7 13. Bd3 b4 14. Ne2 O-O 15. Ng3 a5 16. f4 f5 17. a3 Bc6 18.
Qe2 bxa3 19. Rxa3 Rab8 20. Rc3 Qd6 21. exf5 Nxf5 22. Nxf5 exf5 23. Bc4+ Kh8 24. Rd3 Qf6 25. c3 Rfe8 26. Qd2 Be4 27. Rd6 Rxb2 28. Qxb2 Qxd6 29. Qb5 Qd2 30. Rg1 Bc6 31. Qb1 a4 32. h3 Bxg2+ 0-1

[Event "23rd ETCC Women 2021"]
[Site "Catez"]
[Date "2021.11.12"]
[Round "1.6"]
[White "Arabidze, Meri"]
[Black "Sucikova, Svetlana"]
[Result "1-0"]
[ECO "D52"]
[WhiteElo "2441"]
[BlackElo "2197"]
[Annotator "NA"]
[PlyCount "79"]
[EventDate "2021.11.08"]
[EventType "team-tourn"]
[EventCountry "SLO"]
[SourceTitle "playchess.com"]
[Source "ChessBase"]
[SourceQuality "1"]
[WhiteTeam "Georgia"]
[BlackTeam "Slovakia"]
[WhiteTeamCountry "GEO"]
[BlackTeamCountry "SVK"]
[TimeControl "40/5400+30:1800+30"]

1. d4 d5 2. c4 c6 3. Nf3 e6 4. Qc2 Nf6 5. Bg5 Nbd7 6. e3 Bd6 7. Nc3 O-O 8. a3 Re8 9. Bd3 h6 10. Bh4 a6 11. O-O dxc4 12. Bxc4 Qc7 13. Ba2 c5 14. dxc5 Qxc5 15. Rfd1 b5 16. Qd3 Be7 17. Ne4 Nxe4 18. Qxe4 Qa7 19. Bxe7 Rxe7 20. Ne5 Bb7 21. Qh4 Qc5 22. Rac1 Qxe5 23. Qxe7 Qe4 24. f3 Qxe3+ 25. Kh1 Bxf3 26. Rf1 Bxg2+ 27. Kxg2 Qe4+ 28. Kg3 Ne5 29. Qh4 Qe3+ 30. Kg2 Qd2+ 31. Kh1 Rd8 32. Bb1 g5 33. Qe4 Ng6 34. Rc2 Qd6 35. Rcf2 f5 36. Qb7 Rb8 37. Qf3 Nh4 38. Qd3 Qc6+ 39. Kg1 g4 40. Qg3 1-0

[Event "23rd ETCC Women 2021"]
[Site "Catez"]
[Date "2021.11.12"]
[Round "1.7"]
[White "Mrvova, Alena"]
[Black "Melia, Salome"]
[Result "1-0"]
[ECO "C00"]
[WhiteElo "2174"]
[BlackElo "2371"]
[Annotator "NA"]
[PlyCount "113"]
[EventDate "2021.11.08"]
[EventType "team-tourn"]
[EventCountry "SLO"]
[SourceTitle "playchess.com"]
[Source "ChessBase"]
[SourceQuality "1"]
[WhiteTeam "Slovakia"]
[BlackTeam "Georgia"]
[WhiteTeamCountry "SVK"]
[BlackTeamCountry "GEO"]
[TimeControl "40/5400+30:1800+30"]

1. Nf3 c5 2. g3 d5 3. Bg2 Nf6 4. O-O e6 5. d3 Nc6 6. Re1 Be7 7. Nbd2 O-O 8.
e4 Qc7 9. Qe2 b5 10. Nf1 dxe4 11. dxe4 b4 12. c3 a5 13. e5 Nd7 14. Bf4 Bb7 15. Ne3 a4 16. a3 bxc3 17. bxc3 Rfd8 18. Qc2 Nf8 19. Nc4 Na5 20. Nxa5 Rxa5 21. c4 Raa8 22. Bd2 Bc6 23. Bc3 Rab8 24. Nd2 Bxg2 25. Kxg2 Qc6+ 26. Kg1 Qa6 27. h4 Rb7 28. Rab1 Rbd7 29. Rb5 Qc6 30. Ne4 Ra8 31. Reb1 Rda7 32. Rb6 Qc7 33. Nd6 Bxd6 34. exd6 Qd8 35. Qe4 Rc8 36. Rc6 Rxc6 37. Qxc6 Nd7 38. Rb7 Rxb7 39. Qxb7 f6 40. Qc6 h5 41. Qxa4 Nb6 42. Ba5 Qxd6 43. Qe8+ Kh7 44. Qxh5+ Kg8 45. Qe8+ Kh7 46. Bxb6 Qxb6 47. Qb5 Qd6 48. a4 f5 49. a5 e5 50. Qe8 Qd1+ 51. Kg2 e4 52. Qe5 Qf3+ 53. Kg1 Qd1+ 54. Kh2 g6 55. Qxc5 Qd2 56. a6 Kh6 57. Qe3+ 1-0

[Event "23rd ETCC Women 2021"]
[Site "Catez"]
[Date "2021.11.12"]
[Round "1.8"]
[White "Gvetadze, Sofio"]
[Black "Motycakova, Monika"]
[Result "1-0"]
[ECO "C77"]
[WhiteElo "2302"]
[BlackElo "2119"]
[Annotator "NA"]
[PlyCount "89"]
[EventDate "2021.11.08"]
[EventType "team-tourn"]
[EventCountry "SLO"]
[SourceTitle "playchess.com"]
[Source "ChessBase"]
[SourceQuality "1"]
[WhiteTeam "Georgia"]
[BlackTeam "Slovakia"]
[WhiteTeamCountry "GEO"]
[BlackTeamCountry "SVK"]
[TimeControl "40/5400+30:1800+30"]

1. e4 e5 2. Nf3 Nc6 3. Bb5 a6 4. Ba4 Nf6 5. d3 d6 6. c4 g6 7. Nc3 Bg7 8. Nd5 h6 9. Nb4 Bd7 10. Nxc6 bxc6 11. c5 O-O 12. O-O Re8 13. Re1 Nh5 14. Be3 d5 15. exd5 cxd5 16. c6 Bf5 17. d4 e4 18. Ne5 Be6 19. Rc1 Kh7 20. g4 Qh4 21. f3 Bxe5 22. dxe5 exf3 23. Qxf3 Qxg4+ 24. Qxg4 Bxg4 25. Bd2 Ng7 26. Rc5 Rad8 27. Bb3 Ne6 28. Rxd5 Bf3 29. Rd7 Bxc6 30. Rxf7+ Kg8 31. Rf6 Rxd2 32. Bxe6+ Kg7 33. Rc1 Bb5 34. Rxc7+ Kh8 35. Rxg6 Rd1+ 36. Kg2 Rd2+ 37. Kg3 Rd3+ 38. Kh4 Rd4+ 39. Kh5 Be2+ 40. Kxh6 Rh4+ 41. Kg5 Rxh2 42. Bf7 Rg2+ 43. Kf4 Rxg6 44. Bxg6 Rb8 45. b3 1-0

[Event "23rd ETCC Women 2021"]
[Site "Catez"]
[Date "2021.11.12"]
[Round "1.9"]
[White "Zawadzka, Jolanta"]
[Black "Avramidou, Anastasia"]
[Result "1-0"]
[ECO "B69"]
[WhiteElo "2429"]
[BlackElo "2217"]
[Annotator "ChessBase"]
[PlyCount "145"]
[EventDate "2021.11.08"]
[EventType "team-tourn"]
[EventCountry "SLO"]
[SourceTitle "playchess.com"]
[Source "ChessBase"]
[SourceQuality "1"]
[WhiteTeam "Poland"]
[BlackTeam "Greece"]
[WhiteTeamCountry "POL"]
[BlackTeamCountry "GRE"]
[TimeControl "40/5400+30:1800+30"]

1. e4 c5 2. Nf3 d6 3. d4 cxd4 4. Nxd4 Nf6 5. Nc3 Nc6 6. Bg5 e6 7. Qd2 Be7 8. O-O-O a6 9. f4 Bd7 10. Nf3 b5 11. Bxf6 gxf6 12. f5 Qc7 13.
Kb1 Rb8 14. fxe6 fxe6 15. Qh6 Kd8 16. g3 Kc8 17. Bh3 Kb7 18.
Ne2 Rbe8 19. Rhf1 Qc8 20. Nfd4 Bd8 21. Nxc6 Bxc6 22. Rxd6 Bxe4 23. Nc3 Bc6 24. Qd2 Kb8 25. a4 Qb7 26. axb5 axb5 27. Rxe6 Rxe6 28. Bxe6 Bc7 29. Bd5 Rd8 30. Bxc6 Rxd2 31. Bxb7 Kxb7 32. Rxf6 Rxh2 33. Ne4 Rh5 34. c3 Re5 35. Rf4 Re7 36. Rh4 Rg7 37. Rh5 Kc6 38. Ng5 Rg6 39. Nf3 Bxg3 40. Nd4+ Kb6 41. Rxb5+ Ka6 42. Rf5 h6 43. Kc2 Be1 44. Nf3 Bg3 45. b4 Bd6 46. Kb3 Kb7 47. c4 Rg4 48.
Ne5 Rg5 49. Nf7 Rg3+ 50. Ka4 Bc7 51. Nxh6 Rg6 52. Nf7 Ra6+ 53. Kb3 Re6 54. c5 Kc6 55. Ka4 Re1 56. b5+ Kb7 57. Ng5 Ra1+ 58. Kb4 Rb1+ 59. Kc4 Rc1+ 60. Kd3 Ba5 61. Rf7+ Kb8 62. Ne6 Bb4 63. c6 Bd6 64. Rb7+ Ka8 65. Rd7 Bg3 66. Nd4 Rb1 67. Kc4 Bb8 68. Nb3 Rb2 69. b6 Rc2+ 70. Kb5 Rb2 71. Ka6 Rxb3 72. b7+ Rxb7 73. cxb7# 1-0

[Event "23rd ETCC Women 2021"]
[Site "Catez"]
[Date "2021.11.12"]
[Round "1.10"]
[White "Pavlidou, Ekaterini"]
[Black "Cyfka, Karina"]
[Result "1/2-1/2"]
[ECO "D27"]
[WhiteElo "2172"]
[BlackElo "2416"]
[Annotator "NA"]
[PlyCount "100"]
[EventDate "2021.11.08"]
[EventType "team-tourn"]
[EventCountry "SLO"]
[SourceTitle "playchess.com"]
[Source "ChessBase"]
[SourceQuality "1"]
[WhiteTeam "Greece"]
[BlackTeam "Poland"]
[WhiteTeamCountry "GRE"]
[BlackTeamCountry "POL"]
[TimeControl "40/5400+30:1800+30"]

1. d4 Nf6 2. c4 e6 3. Nc3 Bb4 4. e3 O-O 5. Bd3 c5 6. Nf3 d5 7. O-O cxd4 8.
exd4 dxc4 9. Bxc4 a6 10. a3 Be7 11. Re1 b5 12. Ba2 Bb7 13.
Bg5 Nbd7 14. Qe2 Nb6 15. Rad1 Nbd5 16. Nxd5 Nxd5 17. Bc1 Rc8 18. Bb1 g6 19. Bh6 Re8 20. Rd3 Bf8 21. Bg5 f6 22. Bd2 Bd6 23. Nh4 Kg7 24. Rh3 f5 25. Bh6+ Kg8 26. Qd2 Qc7 27. g3 Nf6 28. f3 Bd5 29. Rf1 b4 30. a4 Qb7 31. Qg5 Qf7 32. g4 Be7 33.
gxf5 exf5 34. Nxf5 Be6 35. Nxe7+ Rxe7 36. Rh4 Nd5 37. Be4 Rd7 38. Re1 Re8 39. Qg3 Rdd8 40. Bxd5 Bxd5 41. Rf4 Qd7 42. Rf6 Bf7 43. Rxe8+ Rxe8 44. Qf4 Qxa4 45. Rxf7 Qd1+ 46. Kg2 Qe2+ 47. Kg3 Qe1+ 48. Kg2 Qe2+ 49. Kg3 Qe1+ 50. Kg2 Qe2+ 1/2-1/2

[Event "23rd ETCC Women 2021"]
[Site "Catez"]
[Date "2021.11.12"]
[Round "1.11"]
[White "Kiolbasa, Oliwia"]
[Black "Markantonaki, Haritomeni"]
[Result "1-0"]
[ECO "C92"]
[WhiteElo "2403"]
[BlackElo "2174"]
[Annotator "NA"]
[PlyCount "61"]
[EventDate "2021.11.08"]
[EventType "team-tourn"]
[EventCountry "SLO"]
[SourceTitle "playchess.com"]
[Source "ChessBase"]
[SourceQuality "1"]
[WhiteTeam "Poland"]
[BlackTeam "Greece"]
[WhiteTeamCountry "POL"]
[BlackTeamCountry "GRE"]
[TimeControl "40/5400+30:1800+30"]

1. e4 e5 2. Nf3 Nc6 3. Bb5 a6 4. Ba4 Nf6 5. O-O b5 6. Bb3 Bb7 7. Re1 Be7 8. c3 O-O 9. d4 d6 10. h3 exd4 11. cxd4 d5 12. exd5 Nb4 13. Nc3 Nbxd5 14. Bg5 Nxc3 15. bxc3 h6 16. Bh4 c5 17. Qe2 Bd6 18. dxc5 Bxc5 19. Ne5 Qb6 20. Qc2 Rad8 21. Qf5 Bc8 22. Qf4 a5 23. Rab1 Rd6 24. a4 Be6 25. Bxf6 gxf6 26. Ng4 Bxg4 27. Qxg4+ Kh8 28. Qf4 Kg7 29. Bc2 Re6 30. Qg4+ Kh8 31. Qf5 1-0

[Event "23rd ETCC Women 2021"]
[Site "Catez"]
[Date "2021.11.12"]
[Round "1.13"]
[White "Klinova, Masha"]
[Black "Ushenina, Anna"]
[Result "0-1"]
[ECO "B52"]
[WhiteElo "2264"]
[BlackElo "2426"]
[Annotator "NA"]
[PlyCount "70"]
[EventDate "2021.11.08"]
[EventType "team-tourn"]
[EventCountry "SLO"]
[SourceTitle "playchess.com"]
[Source "ChessBase"]
[SourceQuality "1"]
[WhiteTeam "Israel"]
[BlackTeam "Ukraine"]
[WhiteTeamCountry "ISR"]
[BlackTeamCountry "UKR"]
[TimeControl "40/5400+30:1800+30"]

1. e4 c5 2. Nf3 d6 3. Bb5+ Bd7 4. Bxd7+ Qxd7 5. c4 Nc6 6. Nc3 g6 7. d4 cxd4 8. Nxd4 Bg7 9. Be3 Nf6 10. f3 O-O 11. Rc1 a6 12. O-O Nxd4 13.
Bxd4 b5 14. Nd5 Nxd5 15. cxd5 Bh6 16. Rc2 Rfc8 17. Rff2 e5 18. dxe6 Qxe6 19. b3 d5 20. e5 Bf4 21. Qa1 Qf5 22. Qb2 Qd3 23.
g3 Qd1+ 24. Kg2 Bc1 25. Rxc8+ Rxc8 26. Qa1 Qd3 27. e6 fxe6 28. Bh8 Bh6 29. Qe5 Qf5 30. Qd4 Rc2 31. Rxc2 Qxc2+ 32. Kh3 Qxa2 33. Qh4 Bf8 34. Be5 Qb1 35. Qd4 Qf1+ 0-1

[Event "23rd ETCC Women 2021"]
[Site "Catez"]
[Date "2021.11.12"]
[Round "1.14"]
[White "Buksa, Nataliya"]
[Black "Shapir, Maya"]
[Result "1-0"]
[ECO "B45"]
[WhiteElo "2410"]
[BlackElo "2256"]
[Annotator "NA"]
[PlyCount "109"]
[EventDate "2021.11.08"]
[EventType "team-tourn"]
[EventCountry "SLO"]
[SourceTitle "playchess.com"]
[Source "ChessBase"]
[SourceQuality "1"]
[WhiteTeam "Ukraine"]
[BlackTeam "Israel"]
[WhiteTeamCountry "UKR"]
[BlackTeamCountry "ISR"]
[TimeControl "40/5400+30:1800+30"]

1. e4 c5 2. Nf3 e6 3. d4 cxd4 4. Nxd4 Nf6 5. Nc3 Nc6 6. Nxc6 bxc6 7. e5 Nd5 8. Ne4 Qc7 9. f4 Qb6 10. c4 Bb4+ 11. Ke2 f5 12. exf6 Nxf6 13.
Be3 Qc7 14. Nxf6+ gxf6 15. Kf2 d5 16. cxd5 exd5 17. Rc1 Bd6 18.
Qh5+ Qf7 19. Qxf7+ Kxf7 20. Rxc6 Rd8 21. Bd3 Bb7 22. Rc2 d4 23. Bd2 h5 24. Rhc1 Rac8 25. Bc4+ Kg7 26. Be6 Rxc2 27. Rxc2 Be4 28. Rc8 Rxc8 29. Bxc8 Bc6 30. Bf5 Bd5 31. b3 Kf7 32. Bd3 Kg7 33. g3 Ba3 34. Ke2 Bd6 35. Bf5 Bc7 36. Kd3 Bg2 37. a4 Bf1+ 38. Kxd4 Bb6+ 39. Kd5 Bg1 40. h3 Bf2 41. b4 Bxg3 42. Be3 a6 43. Kc5 h4 44. b5 axb5 45. axb5 Bg2 46. b6 Kh6 47. Kd6 Be1 48. Kc7 Bg3 49. b7 Bxb7 50. Kxb7 Kh5 51. Bd7 f5 52. Kc7 Kg6 53. Kd6 Kf6 54. Be8 Kg7 55. Ke5 1-0

[Event "23rd ETCC Women 2021"]
[Site "Catez"]
[Date "2021.11.12"]
[Round "1.15"]
[White "Levitan, Ronit"]
[Black "Gaponenko, Inna"]
[Result "0-1"]
[ECO "B08"]
[WhiteElo "2068"]
[BlackElo "2339"]
[Annotator "ChessBase"]
[PlyCount "110"]
[EventDate "2021.11.08"]
[EventType "team-tourn"]
[EventCountry "SLO"]
[SourceTitle "playchess.com"]
[Source "ChessBase"]
[SourceQuality "1"]
[WhiteTeam "Israel"]
[BlackTeam "Ukraine"]
[WhiteTeamCountry "ISR"]
[BlackTeamCountry "UKR"]
[TimeControl "40/5400+30:1800+30"]

1. e4 d6 2. d4 g6 3. Nf3 Nf6 4. Nc3 Bg7 5. h3 O-O 6. Be3 a6 7. Be2 Nc6 8. d5 Nb8 9. a4 e6 10. O-O h6 11. Qd2 Kh7 12. Rad1 e5 13.
Nh2 Ng8 14. f4 exf4 15. Rxf4 Nd7 16. Rdf1 Ne5 17. Bd4 Qe7 18. Ng4 Bxg4 19. hxg4 Nf6 20. Qd1 Nfd7 21. Nb1 Bf6 22. Bxe5 Bxe5 23. R4f3 Nf6 24. Re3 Kg7 25. c3 Nd7 26. Nd2 Qg5 27. Rh3 Bf4 28. Nf3 Qe7 29. Bd3 Rae8 30. Nd4 Bg5 31. Nf3 Be3+ 32. Kh1 Nc5 33. Re1 Bf4 34. Bc2 Nd7 35. Rf1 Nf6 36. Nd4 Bg5 37. Nf3 Nxg4 38. Nxg5 Qxg5 39. Qd4+ Re5 40. Bd1 Nf6 41. Bc2 Nh5 42. Qf2 Qe7 43. Qe3 Rg5 44. Bd1 Nf6 45. Rf4 Qe5 46. Rfh4 h5 47. a5 Re8 48. Qd2 Rg3 49. Rxg3 Qxg3 50. Rh3 Nxe4 51. Rxg3 Nxd2 52. Kg1 Re1+ 53. Kf2 Rxd1 54. Ke2 Ne4 55. Re3 Rd2+ 0-1

[Event "23rd ETCC Women 2021"]
[Site "Catez"]
[Date "2021.11.12"]
[Round "1.16"]
[White "Zhukova, Natalia"]
[Black "Katkov, Michelle"]
[Result "0-1"]
[ECO "E12"]
[WhiteElo "2331"]
[BlackElo "2059"]
[Annotator "NA"]
[PlyCount "78"]
[EventDate "2021.11.08"]
[EventType "team-tourn"]
[EventCountry "SLO"]
[SourceTitle "playchess.com"]
[Source "ChessBase"]
[SourceQuality "1"]
[WhiteTeam "Ukraine"]
[BlackTeam "Israel"]
[WhiteTeamCountry "UKR"]
[BlackTeamCountry "ISR"]
[TimeControl "40/5400+30:1800+30"]

1. d4 Nf6 2. c4 e6 3. Nf3 b6 4. a3 Bb7 5. Nc3 d5 6. Qc2 Be7 7. cxd5 Nxd5 8.
Bd2 c5 9. dxc5 Bxc5 10. e4 Nxc3 11. Bxc3 O-O 12. Rd1 Qc8 13. Bd3 Nd7 14. e5 h6 15. Bh7+ Kh8 16. Be4 Bxe4 17. Qxe4 Be7 18. O-O Nc5 19. Qf4 Qa6 20. Bb4 Qb7 21. h4 Rac8 22. Nh2 a5 23. Bxc5 Rxc5 24. Ng4 Kh7 25. Rd3 h5 26. Nf6+ gxf6 27. exf6 Rg8 28. Rg3 Rxg3 29. fxg3 Rc2 30. Rf3 Bc5+ 31. Kh2 Qd5 32. b4 axb4 33. axb4 Rc4 34. Qb8 Bd6 35. Qe8 Rxh4+ 36. Kg1 Qd1+ 37. Rf1 Rh1+ 38. Kxh1 Qxf1+ 39. Kh2 Qxf6 0-1

[Event "23rd ETCC Women 2021"]
[Site "Catez"]
[Date "2021.11.12"]
[Round "1.17"]
[White "Mammadzada, Gunay"]
[Black "Caglar, Sila"]
[Result "1-0"]
[ECO "B42"]
[WhiteElo "2459"]
[BlackElo "2250"]
[Annotator "ChessBase"]
[PlyCount "101"]
[EventDate "2021.11.08"]
[EventType "team-tourn"]
[EventCountry "SLO"]
[SourceTitle "playchess.com"]
[Source "ChessBase"]
[SourceQuality "1"]
[WhiteTeam "Azerbaijan"]
[BlackTeam "Turkey"]
[WhiteTeamCountry "AZE"]
[BlackTeamCountry "TUR"]
[TimeControl "40/5400+30:1800+30"]

1. e4 c5 2. Nf3 e6 3. d4 cxd4 4. Nxd4 a6 5. Bd3 Nc6 6. Nxc6 dxc6 7. Nd2 e5 8. Nc4 Be6 9. Qf3 Nf6 10. O-O Bxc4 11. Bxc4 Qd4 12. Bd3 Be7 13. c3 Qd6 14. a4 a5 15. Bc4 O-O 16. Qe2 Nd7 17. Be3 Rad8 18.
Rfd1 Qg6 19. Qc2 Nc5 20. f3 Rd6 21. Kh1 Nd7 22. Rd2 Rd8 23.
Rad1 Qf6 24. Rxd6 Bxd6 25. Qb3 Nc5 26. Bxf7+ Kf8 27. Qc4 Qxf7 28. Qxf7+ Kxf7 29. Bxc5 Be7 30. Rxd8 Bxd8 31. Kg1 Ke6 32. Kf2 b6 33. Be3 Kd6 34. Ke2 Bc7 35. Kd3 b5 36. b3 Bd8 37. g3 h5 38. f4 g6 39. h3 Ke6 40. axb5 cxb5 41. c4 bxc4+ 42. Kxc4 Bc7 43. fxe5 Bxe5 44. Bf4 Bf6 45. Bc7 h4 46. g4 Be7 47. Kd3 Bb4 48. Bd8 Ke5 49. Bxh4 Kf4 50. Bf6 g5 51. e5 1-0

[Event "23rd ETCC Women 2021"]
[Site "Catez"]
[Date "2021.11.12"]
[Round "1.18"]
[White "Kocyigit, Buse Naz"]
[Black "Mammadova, Gulnar"]
[Result "0-1"]
[ECO "D00"]
[WhiteElo "2034"]
[BlackElo "2395"]
[Annotator "NA"]
[PlyCount "74"]
[EventDate "2021.11.08"]
[EventType "team-tourn"]
[EventCountry "SLO"]
[SourceTitle "playchess.com"]
[Source "ChessBase"]
[SourceQuality "1"]
[WhiteTeam "Turkey"]
[BlackTeam "Azerbaijan"]
[WhiteTeamCountry "TUR"]
[BlackTeamCountry "AZE"]
[TimeControl "40/5400+30:1800+30"]

1. Nf3 Nf6 2. d4 g6 3. Nc3 d5 4. Bf4 Bg7 5. Qd2 Bf5 6. Ne5 c6 7. f3 Nbd7 8. g4 Be6 9. h4 h5 10. g5 Nh7 11. O-O-O Nxe5 12. Bxe5 Bxe5 13. dxe5 Qa5 14. Kb1 b5 15. Ne4 Qb6 16. Ng3 Nf8 17. e3 Nd7 18. f4 Nc5 19. Bg2 b4 20. Qd4 Qa5 21. b3 Na6 22. e4 Nc7 23.
Qb2 Bg4 24. e6 O-O-O 25. Bh3 Bxh3 26. Rxh3 Nxe6 27. Rf1 dxe4 28. Rhh1 e3 29. f5 Nd4 30. fxg6 fxg6 31. Re1 Qe5 32. Ne2 Rhf8 33. a3 a5 34. axb4 axb4 35. Qa1 Kb7 36. Qa4 Nxc2 37. Rc1 Na3+ 0-1

[Event "23rd ETCC Women 2021"]
[Site "Catez"]
[Date "2021.11.12"]
[Round "1.19"]
[White "Balajayeva, Khanim"]
[Black "Aydin, Gulenay"]
[Result "1-0"]
[ECO "B19"]
[WhiteElo "2369"]
[BlackElo "2114"]
[Annotator "NA"]
[PlyCount "53"]
[EventDate "2021.11.08"]
[EventType "team-tourn"]
[EventCountry "SLO"]
[SourceTitle "playchess.com"]
[Source "ChessBase"]
[SourceQuality "1"]
[WhiteTeam "Azerbaijan"]
[BlackTeam "Turkey"]
[WhiteTeamCountry "AZE"]
[BlackTeamCountry "TUR"]
[TimeControl "40/5400+30:1800+30"]

1. e4 c6 2. d4 d5 3. Nc3 dxe4 4. Nxe4 Bf5 5. Ng3 Bg6 6. h4 h6 7. h5 Bh7 8. Nf3 e6 9. Bd3 Bxd3 10. Qxd3 Nf6 11. Bd2 Nbd7 12. O-O-O Be7 13. Kb1 Qb6 14. Rhe1 O-O 15. Qc4 Nd5 16. Ne4 Rac8 17. g4 c5 18. g5 cxd4 19. Qd3 Bb4 20. gxh6 f5 21. Rg1 Rf7 22. Neg5 Bxd2 23. h7+ Kh8 24. Nxf7+ Kxh7 25. Rxd2 Nc3+ 26. Ka1 Nc5 27. Qxd4 1-0